 Dungeon Crawl Stone Soup version 0.26.1-11-gd32895ea62 (webtiles) character file.

Game seed: 731975420167223543

118 seveneves the Chopper (level 5, -2/46 HPs)
             Began as a Hill Orc Fighter on July 16, 2021.
             Slain by Grinder (6 damage)
             ... on level 3 of the Dungeon.
             The game lasted 00:10:18 (2084 turns).

seveneves the Chopper (Hill Orc Fighter)            Turns: 2084, Time: 00:10:19

Health: -2/46      AC:  9    Str: 25    XL:     5   Next: 2%
Magic:  5/5        EV:  6    Int:  8    God:
Gold:   173        SH: 10    Dex: 11    Spells: 4/4 levels left

rFire    + . .     SeeInvis +   a - +1 war axe
rCold    + . .     Faith    .   c - +0 kite shield
rNeg     . . .     Spirit   .   o - +0 chain mail
rPois    +         Reflect  .   (no helmet)
rElec    +         Harm     .   (no cloak)
rCorr    +         Rampage  .   (no gloves)
Will     .....                  (no boots)
Stlth    ..........             (no amulet)
HPRegen  0.15/turn              e - +6 ring of strength
MPRegen  0.09/turn              k - ring of see invisible

@: mighty, resistant
A: no striking features
a: no special abilities


You were on level 3 of the Dungeon.
You visited 1 branch of the dungeon, and saw 3 of its levels.

You collected 173 gold pieces.

Inventory:

Hand Weapons
 a - a +1 war axe (weapon)
 i - a +0 hand axe
 m - a +0 hand axe
Missiles
 f - 12 poisoned darts (quivered)
 n - 19 bolts
 p - 4 large rocks
Armour
 b - a +0 scale mail
 c - a +0 kite shield (worn)
 j - a +0 ring mail
 o - a +0 chain mail (worn)
 r - a +0 chain mail
Jewellery
 e - a +6 ring of strength (left hand)
 k - a ring of see invisible (right hand)
Wands
 t - a wand of acid (12)
Scrolls
 g - 2 scrolls of identify
 h - a scroll of remove curse
 q - a scroll of enchant armour {unknown}
 u - a scroll of amnesia {unknown}


   Skills:
 + Level 4.2 Fighting
 + Level 4.5 Axes
 + Level 4.1 Armour
 + Level 0.3 Dodging
 + Level 4.0 Shields


You had 4 spell levels left.
You didn't know any spells.
Your spell library was empty.

Dungeon Overview and Level Annotations

Branches:
Dungeon (3/15)

Altars:
The Shining One

Annotations:
D:3 Grinder


Message History

It is a scroll of enchant weapon.
Your +0 war axe glows red for a moment.
You block Grinder's attack.
It was a potion of resistance.
You feel protected. You block Grinder's attack.
You slash Grinder!
Grinder is heavily wounded.
Grinder says, "Just stop there for a second..."
You block Grinder's attack. x2
You barely miss Grinder.
Grinder is heavily wounded.
You block Grinder's attack.
You closely miss Grinder.
Grinder is heavily wounded.
Grinder says, "You look like you could use a good racking."
You block Grinder's attack.
You barely miss Grinder.
Grinder is heavily wounded.
Grinder hits you.
You die...

#.#########
#######..........
.......†.......>
.........#.>.#.
#######..#...#
#.........#
#.###..##.#
#.##......#
#######.##....@5#
#.....#†##............
#.....#.##......#+#.#.
###.......######...
..........# #....
..........# #.....
..........#######...##
####...........# #..#
#..............# ..#


You could see Grinder.

Vanquished Creatures
  6 adders
  An ooze (D:1)
  2 worms (D:3)
  3 dart slugs
  4 leopard geckos (D:2)
  2 giant cockroaches (D:2)
  6 goblins
  7 hobgoblins
  2 jackals (D:3)
  A quokka (D:2)
  A ball python (D:2)
  6 bats
  3 frilled lizards
  3 kobolds
  A rat (D:1)
48 creatures vanquished.

Notes
Turn   | Place    | Note
-------+----------+-------------------------------------------
     0 | D:1      | seveneves the Hill Orc Fighter began the quest for the Orb.
     0 | D:1      | Reached XP level 1. HP: 19/19 MP: 1/1
    42 | D:1      | Reached XP level 2. HP: 21/27 MP: 2/2
   728 | D:2      | Reached XP level 3. HP: 25/33 MP: 3/3
  1111 | D:2      | Found a glowing golden altar of the Shining One.
  1271 | D:2      | Reached XP level 4. HP: 40/40 MP: 4/4
  2051 | D:3      | Reached XP level 5. HP: 39/46 MP: 5/5
  2071 | D:3      | Noticed Grinder
  2084 | D:3      | Slain by Grinder

Illustrated notes

Levels and vault maps discovered:
D:1:      dpeg_arrival_ternary, layout_basic
D:2:      layout_loops_corners, tso_metal_star
D:3:      layout_basic, grunt_ministairs_7, minivault_5, uniq_grinder

Skill      XL: |  1  2  3  4 |
---------------+-------------+-----
Axes           | 3 4 |  4.5
Armour         | 4 |  4.1
Shields        | 4 |  4.0
Fighting       | 4 |  4.2
Dodging        | |  0.3

Action                   |  1- 3 |  4- 6 || total
-------------------------+-------+-------++-------
Melee: War axe           |   104 |    77 ||   181
Throw: Dart              |     1 |     1 ||     2
  Use: Potion            |     3 |     3 ||     6
       Scroll            |       |     3 ||     3
Armor: Scale mail        |    53 |       ||    53
       Chain mail        |       |    36 ||    36
Dodge: Dodged            |    41 |    12 ||    53
Block: Kite shield       |    58 |    48 ||   106
